 Dungeon Crawl Stone Soup version 0.31.0-12-g77e489cdc1 (webtiles) character file.

Game seed: 14718013398730052056

23 hawla the Shield-Bearer (level 2, -1/28 HPs)
             Began as a Minotaur Fighter on Feb 19, 2024.
             Slain by a ribbon worm (7 damage)
             ... on level 2 of the Dungeon.
             The game lasted 00:01:39 (568 turns).

hawla the Shield-Bearer (Minotaur Fighter)           Turns: 568, Time: 00:01:39

Health: -1/28      AC:  6    Str: 20    XL:     2   Next: 72%
Magic:  1/1        EV:  9    Int:  5    God:
Gold:   57         SH:  4    Dex:  9    Spells: 1/1 levels left

rFire   . . .        a - +0 long sword
rCold   . . .        c - +0 buckler
rNeg    . . .        b - +0 scale mail
rPois   .            (helmet restricted)
rElec   .            (no cloak)
rCorr   .            (no gloves)
SInv    +            (no boots)
Will    .....        (no amulet) Stlth
                     g - ring of see invisible
HPRegen 0.24/turn    (no ring)
MPRegen 0.07/turn

%: no passive effects
@: no status effects
A: horns 2, retaliatory headbutt, robust 1, subdued magic 1
a: no special abilities


You were on level 2 of the Dungeon.
You visited 1 branch of the dungeon, and saw 2 of its levels.

You collected 57 gold pieces.

Inventory:

Hand Weapons
 a - a +0 long sword (weapon)
Armour
 b - a +0 scale mail (worn)
 c - a +0 buckler (worn)
Jewellery
 g - a ring of see invisible (left hand)
Scrolls
 e - a scroll of teleportation
Potions
 d - a potion of might
 i - a potion of heal wounds


   Skills:
 - Level 3.6 Fighting
 - Level 2.4 Long Blades
 - Level 3.6 Armour
 + Level 4.9 Shields


You had one spell level left.
You didn't know any spells.
Your spell library was empty.

Dungeon Overview and Level Annotations

Branches:
Dungeon (2/15)

Altars:
Qazlal


Innate Abilities, Weirdness & Mutations

You have a pair of horns on your head.
You reflexively headbutt those who attack you in melee.
You are robust. (+10% HP)
Your spells are a little easier to cast, but a little less powerful.


Message History

You hit the ribbon worm.
The ribbon worm is lightly wounded.
The ribbon worm bites you.
You hit the ribbon worm. You headbutt the ribbon worm.
The ribbon worm is moderately wounded.
You block the ribbon worm's attack.
You barely miss the ribbon worm.
The ribbon worm is lightly wounded.
You block the ribbon worm's attack.
You slash the ribbon worm!
The ribbon worm is heavily wounded.
The ribbon worm bites you but does no damage.
You barely miss the ribbon worm.
The ribbon worm is heavily wounded.
The ribbon worm expels a string of sticky webbing.
The stream of webbing misses you.
You hit the ribbon worm but do no damage.
The ribbon worm is moderately wounded.
The ribbon worm bites you!
You hit the ribbon worm.
The ribbon worm is severely wounded.
The ribbon worm closely misses you. You furiously retaliate!
You headbutt the ribbon worm.
The ribbon worm expels a string of sticky webbing.
The stream of webbing hits you but does no damage.
You are caught in a web!
The web tears apart.
You barely miss the ribbon worm.
The ribbon worm is almost dead.
The ribbon worm bites you.
You hit the ribbon worm but do no damage.
The ribbon worm is severely wounded.
The ribbon worm bites you.
* * * LOW HITPOINT WARNING * * *
The ribbon worm bites you.
* * * LOW HITPOINT WARNING * * *
You hit the ribbon worm. Your headbutt misses the ribbon worm.
The ribbon worm is almost dead.
The ribbon worm bites you!
You die...

##########
#@w.......
#.########
##.## ##...##
##.....##
###.......#
#............
#.#.......###
#####.##.....##


You could see a ribbon worm (catching breath).

Vanquished Creatures
  2 dart slugs (D:1)
  2 ball pythons (D:1)
  2 endoplasms (D:1)
  A giant cockroach (D:1)
  A hobgoblin (D:1)
  A kobold (D:1)
  A quokka (D:1)
  3 bats (D:1)
  2 frilled lizards (D:1)
  2 goblins (D:1)
  A rat (D:1)
18 creatures vanquished.

Notes
Turn   | Place    | Note
-------+----------+-------------------------------------------
     0 | D:1      | hawla the Minotaur Fighter began the quest for the Orb.
     0 | D:1      | Reached XP level 1. HP: 19/19 MP: 0/0
    57 | D:1      | Reached skill level 4 in Shields
   107 | D:1      | Reached XP level 2. HP: 26/26 MP: 1/1
   534 | D:2      | Gained mutation: Your spells are a little easier to cast,
                  | but a little less powerful. [potion of mutation]
   534 | D:2      | Gained mutation: You are robust. (+10% HP) [potion of
                  | mutation]
   535 | D:2      | Found a stormy altar of Qazlal.
   568 | D:2      | Slain by a ribbon worm

Illustrated notes

Levels and vault maps discovered:
D:1:      sevenhm_arrival_forest_fort_small_3, layout_rooms,
          hangedman_decor_points
D:2:      layout_loops_ring, basic_altar, uniq_jessica

Skill      XL: |  1 |
---------------+----+-----
Shields        | 4 |  4.9
Fighting       | |  3.6
Long Blades    | |  2.4
Armour         | |  3.6

Action                     || total
---------------------------++-------
  Melee: Long sword        ||    58
         Headbutt          ||     4
    Use: Scroll            ||     3
         Potion            ||     1
 Armour: Scale mail        ||    43
  Dodge: Dodged            ||    30
  Block: Buckler           ||    16
